 Dungeon Crawl Stone Soup version 0.31.0-9-g3a7656b989 (webtiles) character file.

Game seed: 421618934282050715

736 dave1331 the Cutter (level 7, -3/56 HPs)
             Began as a Human Fighter on Jan 24, 2024.
             Slain by an iguana (8 damage)
             ... on level 6 of the Dungeon.
             The game lasted 00:18:43 (4860 turns).

dave1331 the Cutter (Human Fighter)                 Turns: 4860, Time: 00:18:44

Health: -3/56      AC:  9    Str: 18    XL:     7   Next: 74%
Magic:  7/7        EV:  9    Int:  9    God:
Gold:   353        SH:  4    Dex: 12    Spells: 6/6 levels left

rFire   + . .        d - +2 dagger (speed)
rCold   x . .        c - +0 buckler
rNeg    . . .        b - +2 scale mail
rPois   .            (no helmet)
rElec   .            (no cloak)
rCorr   .            (no gloves)
SInv    +            (no boots)
Will    .....        h - amulet of magic regeneration Stlth
                     k - ring of fire
HPRegen 0.29/turn    f - ring of see invisible
MPRegen 0.50/turn

%: no passive effects
@: no status effects
A: explore regen
a: no special abilities


You were on level 6 of the Dungeon.
You visited 1 branch of the dungeon, and saw 6 of its levels.

You collected 353 gold pieces.

Inventory:

Hand Weapons
 a - a +0 rapier
 d - a +2 dagger of speed (weapon)
Armour
 b - a +2 scale mail (worn)
 c - a +0 buckler (worn)
Jewellery
 f - a ring of see invisible (right hand)
 h - an amulet of magic regeneration (around neck)
 k - a ring of fire (left hand)
Wands
 e - a wand of charming (3)
Scrolls
 j - a scroll of teleportation
 l - a scroll of poison
 m - 2 scrolls of silence


   Skills:
 + Level 5.2 Fighting
 + Level 5.3 Short Blades
 + Level 5.1 Armour
 + Level 1.2 Dodging
 + Level 3.6 Shields


You had 6 spell levels left.
You didn't know any spells.
Your spell library contained the following spells:

 Spells                   Type           Power      Damage    Failure   Level
 Cigotuvi's Dreadful Rot  Necr/Alch/Air  0%         N/A       92%         2
 Dispel Undead            Necr           0%         3d6       100%        4
 Martyr's Knell           Necr/Summ      0%         N/A       100%        4
 Death Channel            Necr           0%         N/A       100%        6


Dungeon Overview and Level Annotations

Branches:
Dungeon (6/15)
 Temple: D:4-7

Altars:
Cheibriados
Xom


Innate Abilities, Weirdness & Mutations

You regain HP and MP as you explore.


Message History

The orc priest hits you but does no damage.
The iguana bites you but does no damage.
You hit the iguana but do no damage.
The iguana is moderately wounded.
You hit the iguana but do no damage.
The iguana is moderately wounded.
The orc priest hits you but does no damage.
The iguana bites you!
You hit the iguana but do no damage.
The iguana is moderately wounded.
You hit the iguana but do no damage.
The iguana is moderately wounded.
The orc priest hits you but does no damage.
The iguana bites you.
You hit the iguana but do no damage.
The iguana is moderately wounded.
You hit the iguana but do no damage.
The iguana is moderately wounded.
The iguana barely misses you.
The orc priest hits you but does no damage.
You hit the iguana.
The iguana is heavily wounded.
You hit the iguana.
The iguana is almost dead.
The orc priest hits you with a +0 flail.
* * * LOW HITPOINT WARNING * * *
The iguana bites you but does no damage.
You closely miss the iguana.
The iguana is almost dead.
You hit the iguana but do no damage.
The iguana is almost dead.
The orc priest hits you with a +0 flail!
* * * LOW HITPOINT WARNING * * *
The iguana bites you.
* * * LOW HITPOINT WARNING * * *
You hit the iguana but do no damage.
The iguana is almost dead.
The orc priest looks encouraged for a moment.
The iguana attacks as it pursues you! The iguana bites you!
You die...

.# ... ##.# ...
...##+### ..
#........ #..
#........ #..
#.......?
#.##.o......
#####..#l.......
.......@########+#
.........# #.#
.......#.## #.#
.......#..## #.#
........#..### #.#
.........#...###.#
......##.........####
...... #.#.....>....#
......
#.#.########.###


You could see an iguana and an orc priest.

Vanquished Creatures
  A water moccasin (D:4)
  2 ogres
  A bombardier beetle (D:3)
  2 hounds (D:4)
  A gnoll bouda (D:4)
  A jelly (D:5)
  An iguana (D:5)
  2 orc wizards (D:5)
  7 gnolls (D:4)
  6 adders
  A white imp (D:5)
  2 ribbon worms
  3 dart slugs
  6 orcs
  4 ball pythons
  2 bats (D:1)
  6 endoplasms
  4 giant cockroaches
  14 goblins
  7 hobgoblins
  5 kobolds
  5 quokkas
  2 frilled lizards
  5 rats
90 creatures vanquished.

Notes
Turn   | Place    | Note
-------+----------+-------------------------------------------
     0 | D:1      | dave1331 the Human Fighter began the quest for the Orb.
     0 | D:1      | Reached XP level 1. HP: 18/18 MP: 1/1
    72 | D:1      | Reached XP level 2. HP: 24/24 MP: 2/2
   408 | D:1      | Reached XP level 3. HP: 29/29 MP: 3/3
   953 | D:2      | Reached XP level 4. HP: 37/37 MP: 4/4
  1531 | D:3      | Found a snail-covered altar of Cheibriados.
  1786 | D:3      | Reached XP level 5. HP: 24/42 MP: 5/5
  1901 | D:3      | Found a shimmering altar of Xom.
  2504 | D:4      | Noticed a water moccasin
  2524 | D:4      | Reached XP level 6. HP: 49/49 MP: 6/6
  2544 | D:4      | Killed a water moccasin
  2855 | D:4      | Reached skill level 1 in Dodging
  2855 | D:4      | Reached XP level 7. HP: 28/55 MP: 7/7
  3025 | D:4      | Reached skill level 5 in Short Blades
  3595 | D:5      | Entered Level 5 of the Dungeon
  4043 | D:5      | Reached skill level 5 in Fighting
  4688 | D:6      | Reached skill level 5 in Armour
  4860 | D:6      | Slain by an iguana

Illustrated notes

Levels and vault maps discovered:
D:1:      wander_arrival_abandoned_jail, layout_rooms, st_stairs_6,
          grunt_decor_junction, minmay_misc_feat_roman
D:2:      layout_basic
D:3:      layout_rooms, mainiacjoe_overflow_alcove_1, kennysheep_slug_shrine
D:4:      layout_loops_ring
D:5:      layout_loops_ring, enter_ossuary_5
D:6:      cheibrodos_steamvent, layout_basic

Skill      XL: |  1  2  3  4  5  6  7 |
---------------+----------------------+-----
Fighting       | 4 5 |  5.2
Short Blades   | 3 4 5 |  5.3
Armour         | 4 5 |  5.1
Dodging        | 1 |  1.2
Shields        | |  3.6

Action                     |  1- 3 |  4- 6 |  7- 9 || total
---------------------------+-------+-------+-------++-------
  Melee: Rapier            |    72 |    43 |       ||   115
         Dagger            |       |   201 |   214 ||   415
    Use: Scroll            |     5 |     2 |     7 ||    14
         Potion            |     4 |     2 |     1 ||     7
 Armour: Scale mail        |    41 |   101 |    97 ||   239
  Dodge: Dodged            |    19 |    59 |    52 ||   130
  Block: Buckler           |    12 |    26 |    16 ||    54
